 Dungeon Crawl Stone Soup version 0.23.1 (webtiles) character file.

Game seed: 12849436793577237276

55 Borgoz the Sneak (level 3, -5/28 HPs)
             Began as a Ghoul Enchanter on Mar 4, 2019.
             Slain by Purgy (6 damage)
             ... in a sewer.
             The game lasted 00:04:23 (1632 turns).

Borgoz the Sneak (Ghoul Enchanter)                  Turns: 1632, Time: 00:04:24

Health: -5/28      AC:  8    Str: 11      XL:     3   Next: 93%
Magic:  4/4        EV:  5    Int:  6 (8)  God:
Gold:   74         SH:  0    Dex:  9 (10) Spells: 2/5 levels left

rFire    . . .     SeeInvis .   a - +1 dagger
rCold    + . .     Gourm    .   (no shield)
rNeg     + + +     Faith    .   c - +0 chain mail
rPois    ∞         Spirit   .   (no helmet)
rElec    .         Reflect  .   (no cloak)
rCorr    .         Harm     .   (no gloves)
MR       +....                  (no boots)
Stlth    ..........             (no amulet)
HPRegen  0.00/turn              k - -2 ring of intelligence (curse)
MPRegen  0.09/turn              f - ring of protection from magic

@: rotting
A: rotting body, claws 1, carnivore, cold resistance 1, negative energy
resistance 3, inhibited regeneration, torment resistance, unbreathing
a: no special abilities


You were in a sewer.
You were not hungry.

You visited 1 branch of the dungeon, and saw 3 of its levels.
You also visited: Sewer.

You collected 74 gold pieces.

Inventory:

Hand Weapons
 a - a +1 dagger (weapon)
Missiles
 e - 8 tomahawks (quivered)
 n - 9 poisoned needles
Armour
 b - a +0 robe
 c - a +0 chain mail (worn)
Jewellery
 f - a ring of protection from magic (right claw)
 j - an uncursed ring of flight
 k - a cursed -2 ring of intelligence (left claw)
Comestibles
 d - 5 rations


   Skills:
 + Level 1.4 Fighting
 * Level 2.1 Short Blades
 + Level 1.1 Armour
 + Level 2.2 Dodging
 - Level 3.2 Stealth
 - Level 1.7 Spellcasting
 - Level 2.4 Hexes


You had 2 spell levels left.
You knew the following spells:

 Your Spells              Type           Power        Failure   Level  Hunger
a - Corona                Hex            #......      100%        1    ##.....
b - Ensorcelled Hibernat  Hex/Ice        #.....       100%        2    ###....

Your spell library contained the following spells:

 Spells                   Type           Power        Failure   Level  Hunger
 Confuse                  Hex            #.......     100%        3    ####...
 Dazzling Spray           Conj/Hex       #.....       100%        3    ####...
 Tukima's Dance           Hex            #.......     100%        3    ####...


Dungeon Overview and Level Annotations

Branches:
Dungeon (3/15)

Altars:
Vehumet

Annotations:
Sewer Purgy


Innate Abilities, Weirdness & Mutations

Your body is rotting away.
You thrive on raw meat.
You are immune to poison.
You have sharp fingernails.
You are carnivorous and can eat meat at any time.
Your flesh is cold resistant. (rC+)
You are immune to negative energy. (rN+++)
You do not regenerate when monsters are visible.
You are immune to unholy pain and torment.
You can survive without breathing.


Message History

Purgy is moderately wounded.
Purgy barely misses you. Purgy claws you but does no damage. x2
You hit Purgy.
Purgy is moderately wounded.
Purgy bites you. Purgy claws you. x2
* * * LOW HITPOINT WARNING * * *
You hit Purgy.
Purgy is moderately wounded.
Purgy bites you.
* * * LOW HITPOINT WARNING * * *
Purgy barely misses you. Purgy claws you but does no damage.
You hit Purgy.
Purgy is moderately wounded.
Purgy barely misses you. Purgy claws you.
* * * LOW HITPOINT WARNING * * *
Purgy claws you but does no damage.
You hit Purgy.
Purgy is moderately wounded.
Purgy bites you.
You die...

############ #∩##.##.##.#
#.##.##.##.#
#+##+##+##.##'##'##'#
######........@..........######
≈≈≈≈≈#≈≈≈≈≈≈≈≈T.≈≈≈≈≈≈≈≈≈#≈≈≈≈≈
≈≈≈≈≈#≈≈≈≈≈≈≈≈≈∩≈≈≈≈≈≈≈≈≈#≈≈≈≈≈
≈≈≈≈≈#≈≈≈≈≈÷≈≈≈.≈≈≈≈≈≈≈≈≈#≈≈≈≈≈
##..............(....######
#'##÷##'##'##'##'##'#
#.##.##.##.##.##)##.#
#.##.##.##.##.##(##.#
#####################


You could see Purgy.

Vanquished Creatures
  An adder (D:2)
  A dart slug (D:1)
  A leopard gecko (D:1)
  9 bats
  4 goblins (D:1)
  3 hobgoblins (D:1)
  4 jackals (D:1)
  2 ball pythons (D:3)
  10 kobolds
  6 rats (D:1)
41 creatures vanquished.

Notes
Turn   | Place    | Note
-------+----------+-------------------------------------------
     0 | D:1      | Borgoz the Ghoul Enchanter began the quest for the Orb.
     0 | D:1      | Reached XP level 1. HP: 14/14 MP: 2/2
    29 | D:1      | Reached skill level 1 in Short Blades
   207 | D:1      | Reached XP level 2. HP: 22/22 MP: 3/3
   451 | D:1      | Learned a level 2 spell: Ensorcelled Hibernation
   626 | D:1      | Reached skill level 1 in Fighting
   642 | D:1      | Reached XP level 3. HP: 20/28 MP: 4/4
  1114 | D:1      | Reached skill level 1 in Armour
  1266 | D:2      | Found a radiant altar of Vehumet.
  1422 | D:3      | Found a glowing drain.
  1469 | Sewer    | Entered a sewer
  1559 | Sewer    | Noticed Purgy
  1631 | Sewer    | HP: 1/28 [Purgy (2)]
  1632 | Sewer    | Slain by Purgy

Skill      XL: |  1  2  3 |
---------------+----------+-----
Short Blades   | 1 2 |  2.1
Dodging        | 2 |  2.2
Fighting       | 1 |  1.4
Armour         | 1 |  1.1
Stealth        | |  3.2
Spellcasting   | |  1.7
Hexes          | |  2.4

Action                   || total
-------------------------++-------
Melee: Dagger            ||   164
 Cast: Corona            ||     1
       Ensorcelled Hiber ||     1
  Use: Potion            ||     4
       Scroll            ||     3
 Stab: Sleeping          ||    14
  Eat: Chunk             ||    18
Armor: Robe              ||    23
       Chain mail        ||    82
Dodge: Dodged            ||   111
